Map: New Repugnancy LE

Players

IIIIIIIIIII

  • Race: Terran Terran
  • League: Master
  • Spawn Location: 1:00

NoxDNoSkill - Winner!

  • Race: Terran Terran
  • League: Master
  • Spawn Location: 7:00

VOD

Have the link to the VOD?

Description

Time

  • Played on: March 13, 2019, 12:17 p.m.
  • Length: 7:40
Show
View Real Time Build Order
Export as new Build Order

IIIIIIIIIII Terran 

Build Orders: 1/1/1, Liberator Opening 

Get SALT Encoding   

  12  0:00  SCV  
  13  0:12  SCV  
  14  0:17  Supply Depot  
  14  0:25  SCV  
  15  0:31  Refinery  
  15  0:39  SCV  
  16  0:44  Barracks  
  16  0:51  SCV  
  16  0:54  Refinery  
  17  1:03  SCV  
  18  1:15  SCV  
  19  1:32  Reaper  
  19  1:34  Orbital Command  
  19  1:37  Factory  
  20  1:47  Supply Depot  
  20  2:00  SCV  
  21  2:05  Reaper  
  22  2:12  SCV  
  23  2:23  Starport, Hellion  
  23  2:26  SCV  
  26  2:38  SCV  
  26  2:40  Reaper  
  26  2:43  Supply Depot  
  27  2:44  Hellion  
  27  2:47  Liberator  
  27  2:51  SCV  
  33  3:15  Command Center  
  33  3:17  Factory Tech Lab  
  33  3:20  SCV  
  33  3:23  Barracks Reactor  
  34  3:33  Supply Depot  
  34  3:36  SCV  
  35  3:46  Widow Mine  
  37  3:48  SCV  
  38  4:00  Marine x2, SCV  
  39  4:12  SCV  
  36  4:21  Starport Tech Lab, Marine x2  
  36  4:25  SCV  
  36  4:31  Factory Tech Lab  
  34  4:32  Raven  
  34  4:37  SCV  
  37  4:39  Marine  
  38  4:46  Orbital Command  
  38  4:49  SCV  
  38  4:51  Siege Tank  
  42  5:01  Refinery, SCV  
  42  5:02  Marine x2  
  42  5:03  Command Center  
  45  5:11  SCV  
  45  5:13  SCV  
  47  5:14  Raven  
  49  5:25  Marine x2, SCV x2  
  51  5:35  Siege Tank  
  52  5:37  SCV x2  
  52  5:39  Supply Depot  
  52  5:41  Refinery  
  52  5:42  Marine x2, Supply Depot  
  54  5:49  SCV x2  
  58  6:01  SCV  
  58  6:03  SCV  
  60  6:07  Siege Tank  
  63  6:11  Viking  
  63  6:12  Viking  
  63  6:13  SCV  
  63  6:14  Marine  
  63  6:16  Orbital Command  
  63  6:17  SCV  
  70  6:25  SCV  
  70  6:27  Supply Depot  
  70  6:31  Barracks x2  
  71  6:41  Viking  
  71  6:42  Viking, SCV  
  75  6:54  SCV  
  75  6:59  Marine, Engineering Bay x2  
  75  7:00  Siege Tank  
  80  7:01  Orbital Command, SCV  
  81  7:13  SCV  
  82  7:16  Marine  
  82  7:21  SCV  
  87  7:24  Barracks Reactor x2  
  87  7:25  SCV  
Show
View Real Time Build Order
Export as new Build Order

NoxDNoSkill Terran - Winner!

Build Orders: Gas First Reaper Expand 

Get SALT Encoding   

  12  0:01  SCV  
  13  0:13  SCV  
  14  0:18  Supply Depot  
  14  0:26  SCV  
  14  0:27  Refinery  
  15  0:39  SCV  
  16  0:44  Barracks  
  16  0:51  SCV  
  17  1:03  SCV  
  18  1:15  SCV  
  19  1:31  Orbital Command, Reaper  
  20  1:45  Command Center  
  20  1:57  Factory  
  20  1:58  SCV  
  21  2:05  Barracks Reactor  
  21  2:10  SCV  
  21  2:13  Supply Depot  
  22  2:22  Refinery, SCV  
  23  2:35  SCV  
  24  2:43  Starport  
  23  2:47  SCV  
  23  2:48  Hellion x2  
  28  2:51  Barracks Tech Lab  
  28  2:59  SCV  
  29  3:09  Hellion  
  29  3:12  Hellion, SCV  
  34  3:16  Orbital Command  
  34  3:24  SCV  
  35  3:28  Raven  
  37  3:34  Supply Depot  
  37  3:36  SCV  
  37  3:39  Marine  
  37  3:40  Marine  
  40  3:42  SCV  
  40  3:43  Factory Tech Lab  
  41  3:48  SCV  
  41  3:50  Refinery  
  41  3:54  SCV  
  43  3:57  Marine x2  
  43  4:01  SCV  
  46  4:03  Siege Tank  
  46  4:06  SCV  
  50  4:13  SCV  
  46  4:18  SCV  
  46  4:22  Marine  
  49  4:25  SCV  
  49  4:27  Marine  
  49  4:28  Raven  
  49  4:30  SCV  
  51  4:37  SCV  
  52  4:38  Supply Depot  
  52  4:40  Marine  
  52  4:43  SCV  
  54  4:48  Supply Depot  
  54  4:59  Marine x2  
  54  5:00  Siege Tank, SCV x2  
  54  5:02  Command Center  
  54  5:05  Refinery  
  61  5:10  Supply Depot  
  61  5:12  SCV x2  
  62  5:24  SCV x2  
  64  5:31  Viking x2  
  64  5:34  Siege Tank  
  71  5:36  Supply Depot, SCV x2  
  71  5:37  Marine  
  71  5:38  Stimpack  
  74  5:43  Supply Depot  
  74  5:48  SCV x2  
  76  5:55  Engineering Bay x2  
  76  5:56  Marine  
  77  6:00  SCV  
  77  6:01  Viking  
  77  6:03  Viking  
  82  6:10  SCV  
  82  6:11  Supply Depot  
  83  6:12  SCV  
  83  6:14  Siege Tank  
  87  6:22  SCV  
  87  6:25  Marine  
  89  6:30  SCV  
  89  6:31  Viking  
  92  6:33  Viking  
  92  6:36  SCV  
  95  6:42  Orbital Command  
  95  6:49  SCV  
  96  6:54  SCV  
  96  6:59  Barracks x2  
  96  7:00  Barracks  
  97  7:01  Barracks, SCV  
  97  7:05  Viking  
  97  7:06  SCV  
  101  7:08  Viking  
  101  7:10  SCV  
  107  7:17  SCV  
  107  7:21  Supply Depot x2, SCV  
  109  7:23  SCV  
Tags
 
Add a new tag
Caveats
  • Supply blocks, unpowered buildings, or Contaminate may cause inaccurate times.
  • Supply counts are checked every 10 seconds.